 Dungeon Crawl Stone Soup version 0.26-a0-1184-g95e395e029 (webtiles) character file.

Game seed: 16403638301430877407

153 sanka the Covert (level 5, -8/24 HPs)
             Began as a Spriggan Enchanter on Dec 27, 2020.
             Mangled by a scorpion (9 damage)
             ... on level 3 of the Dungeon.
             The game lasted 00:04:33 (3232 turns).

sanka the Covert (Spriggan Enchanter)               Turns: 3232, Time: 00:04:35

Health: -8/24      AC:  2    Str:  2 (4)  XL:     5   Next: 12%
Magic:  2/10       EV: 18    Int: 13 (16) God:
Gold:   100        SH:  0    Dex: 16 (18) Spells: 6/9 levels left

rFire    x . .     SeeInvis +   a - +1 dagger
rCold    + . .     Faith    .   (shield restricted)
rNeg     . . .     Spirit   .   b - +0 robe
rPois    .         Reflect  .   (helmet restricted)
rElec    .         Harm     .   (no cloak)
rCorr    .         Rampage  .   (gloves unavailable)
Will     .....                  (boots unavailable)
Stlth    ++++......             (no amulet)
HPRegen  0.08/turn              (no ring)
MPRegen  0.12/turn              c - ring of ice

@: lethally poisoned (-8 -> -14), attractive, very slightly contaminated, very
quick
A: very small, unfitting armour, see invisible, speed 3
a: no special abilities


You were on level 3 of the Dungeon.
You visited 1 branch of the dungeon, and saw 4 of its levels.

You collected 100 gold pieces.


Innate Abilities, Weirdness & Mutations

You are very small and have problems with some larger weapons.
You are too small for most types of armour.
You have supernaturally acute eyesight. (SInv)
You cover ground extremely quickly.


   Skills:
 + Level 3.1 Short Blades
 - Level 3.0 Dodging
 - Level 8.0 Stealth
 - Level 2.6 Spellcasting
 - Level 3.6 Hexes


You had 6 spell levels left.
You knew the following spells:

 Your Spells              Type           Power        Failure   Level
z - Ensorcelled Hibernat  Hex/Ice        18%          17%         2
Z - Corona                Hex            12%          5%          1

Your spell library contained the following spells:

 Spells                   Type           Power        Failure   Level
 Confusing Touch          Hex            11%          16%         3
 Tukima's Dance           Hex            11%          16%         3
 Dazzling Flash           Conj/Hex       12%          34%         3

Inventory:

Hand Weapons
 a - a +1 dagger (weapon)
Armour
 b - a +0 robe (worn)
Jewellery
 c - a ring of ice (right hand)
Scrolls
 d - 2 scrolls of blinking {unknown}
 f - a scroll of enchant weapon {unknown}
 i - a scroll of teleportation {unknown}
 j - 4 scrolls of magic mapping {unknown}
 m - a scroll of amnesia {unknown}
 o - 2 scrolls of remove curse {unknown}
 p - a scroll of random uselessness {unknown}
Potions
 e - a potion of magic {unknown}
 g - a potion of degeneration {!q}
 h - a potion of resistance {unknown}
 k - 2 potions of haste {unknown}
 l - a potion of attraction {!q}
 n - a potion of curing {unknown}

Dungeon Overview and Level Annotations

Branches:
Dungeon (4/15)
 Temple: D:4-7

Altars:
Gozag
Wu Jian

▒.♣ ♣.♣ ♣.▒ ▒..▒.▒▒.▒▒▒▒.▒▒ ▒.♣▒
▒♣.♣▒ ▒♣.▒ ▒..▒.....▒ ▒.▒
▒..♣♣♣.♣.♣♣♣..▒ ▒..▒▒▒▒..▒ ▒.▒
▒.....♣♣♣.....▒▒ ▒..▒ ▒..▒ ▒.▒▒
▒..♣♣♣.♣.♣♣♣...▒ ▒..▒▒▒▒..▒ ▒.▒.
▒.♣▒ ▒♣.♣▒ ▒♣..▒ ▒..▒.....▒▒▒.▒.
▒.♣ ♣.♣ ♣..▒ ▒...)......▒.▒. ▒.♣▒
▒♣.♣▒ ▒♣..▒▒▒▒....▒.▒...▒.▒.
▒..♣♣♣.(.♣♣♣....is.>.............
▒.....(.......▒.▒▒▒▒▒▒.......▒...
▒▒▒▒▒▒▒(......▒.▒....<▒.▒▒▒▒.▒...
▒....').(......▒.▒▒▒......▒.▒.▒.
▒.▒▒▒▒......)▒▒▒'▒▒▒.▒▒▒▒.▒.▒.▒.
▒.▒ ▒...▒'▒................▒.▒.
▒.▒ ▒.▒.▒.▒.........▒▒▒▒...▒.▒▒
▒.▒▒▒▒.▒.▒.▒▒........▒▒▒▒▒.▒▒.▒▒
▒......▒.▒.▒.....▒▒...........▒▒


You could see a scorpion.


Message History

Aim: a scorpion (chance to affect: 42%)
You miscast Ensorcelled Hibernation.
Nothing appears to happen.
You feel sick. The scorpion closely misses you.
You feel sick. The scorpion stings you!
* * * LOW HITPOINT WARNING * * *
You climb upwards.
* * * LOW HITPOINT WARNING * * *
You feel sick.
There is a stone staircase leading down here.
Unknown command.
Unknown command.
* * * LOW HITPOINT WARNING * * *
You feel sick.
It was a potion of attraction.
You feel attractive to monsters.
* * * LOW HITPOINT WARNING * * *
You feel sick. The scorpion is pulled toward you!
It was a potion of degeneration.
There was something very wrong with that liquid.
You feel weakened.
You feel dopey.
You feel clumsy.
* * * LOW HITPOINT WARNING * * *
You feel sick. The scorpion stings you!
You die...

Action                   |  1- 3 |  4- 6 || total
-------------------------+-------+-------++-------
Melee: Dagger            |    74 |    41 ||   115
 Cast: Corona            |     4 |       ||     4
       Ensorcelled Hiber |    22 |    22 ||    44
  Use: Potion            |       |     2 ||     2
 Stab: Sleeping          |    24 |    23 ||    47
Armor: Robe              |     8 |     2 ||    10
Dodge: Dodged            |    68 |    39 ||   107

Levels and vault maps discovered:
D:1:      minmay_arrival_doors, layout_basic, minmay_ruptured
D:2:      layout_rooms, lemuel_crystal_altar, serial_bayou_pond_a,
          nicolae_gozag_cash_rules_everything_around_me
D:3:      layout_basic, chequers_ecumenical_altar_simple_redux,
          minmay_stone_trees_medium
D:4:      layout_cave_pools

Notes
Turn   | Place    | Note
-------+----------+-------------------------------------------
     0 | D:1      | sanka the Spriggan Enchanter began the quest for the Orb.
     0 | D:1      | Reached XP level 1. HP: 9/9 MP: 5/5
   236 | D:1      | Reached skill level 5 in Stealth
   488 | D:1      | Reached XP level 2. HP: 13/13 MP: 6/6
   491 | D:1      | Learned a level 2 spell: Ensorcelled Hibernation
  1021 | D:2      | Reached skill level 6 in Stealth
  1085 | D:2      | Found an ornate altar of the Wu Jian Council.
  1098 | D:2      | Reached XP level 3. HP: 16/16 MP: 5/8
  1309 | D:2      | Reached skill level 7 in Stealth
  1607 | D:2      | Found an opulent altar of Gozag.
  1773 | D:2      | Reached XP level 4. HP: 21/21 MP: 6/9
  1814 | D:2      | Reached skill level 8 in Stealth
  2282 | D:3      | Reached skill level 2 in Short Blades
  2629 | D:3      | Found a faded altar of an unknown god.
  3223 | D:4      | Reached skill level 3 in Short Blades
  3223 | D:4      | Reached XP level 5. HP: 18/24 MP: 7/10
  3230 | D:3      | HP: 2/24 [poisoned by a scorpion]
  3232 | D:3      | Mangled by a scorpion

Vanquished Creatures
  An iguana (D:4)
  4 gnolls (D:2)
  3 adders (D:2)
  An ooze (D:2)
  A dart slug (D:2)
  2 leopard geckos (D:3)
  A giant cockroach (D:2)
  5 goblins
  5 hobgoblins
  2 jackals (D:4)
  4 quokkas
  2 ball pythons
  10 bats
  6 frilled lizards
  8 kobolds
  5 rats
60 creatures vanquished.
